 Dungeon Crawl Stone Soup version 0.29-a0-271-gd4eb659eea (webtiles) character file.

Game seed: 14734076237667962504

16 Hubjo the Sneak (level 2, -1/20 HPs)
             Began as a Vampire Enchanter on Mar 8, 2022.
             Was a Plaything of Xom.
             Slain by a scorpion (8 damage)
             ... on level 2 of the Dungeon.
             The game lasted 00:01:41 (934 turns).

Hubjo the Sneak (Vampire Enchanter)                  Turns: 934, Time: 00:01:41

Health: -1/20      AC:  3    Str:  7    XL:     2   Next: 37%
Magic:  5/5        EV: 12    Int: 17    God:    Xom [..*...]
Gold:   90         SH:  0    Dex: 14    Spells: 5/5 levels left

rFire   + . .      SeeInvis +   a - +1 dagger
rCold   + . .      Faith    .   (no shield)
rNeg    . . .      Spirit   .   b - +0 robe
rPois   .          Reflect  .   (no helmet)
rElec   .          Harm     .   g - scarf {rC+ rF+}
rCorr   .          Rampage  .   (no gloves)
Will    .....                   i - +0 pair of boots
Stlth   +++.......              (no amulet)
HPRegen 0.26/turn               (no ring)
MPRegen 0.09/turn               (no ring)

@: lethally poisoned (-1 -> -6), healing quickly
A: alive, fangs 3, see invisible, vampiric 1
a: Exsanguinate, Renounce Religion


You were on level 2 of the Dungeon.
You worshipped Xom.
You were a toy of Xom.
You visited 1 branch of the dungeon, and saw 2 of its levels.

You collected 90 gold pieces.

Inventory:

Hand Weapons
 a - a +1 dagger (weapon)
Armour
 b - a +0 robe (worn)
 g - a scarf of resistance (worn)
 i - a +0 pair of boots (worn)
Scrolls
 h - a scroll of enchant armour {unknown}
 j - a scroll of noise {unknown}
Potions
 c - 2 potions of invisibility
 d - a potion of berserk rage {unknown}
 e - a potion of degeneration {unknown}
 f - a potion of flight {unknown}
 k - a potion of experience {unknown}


   Skills:
 * Level 0.8 Fighting
 + Level 1.4 Short Blades
 + Level 2.3 Dodging
 * Level 4.9 Stealth
 - Level 2.0 Spellcasting
 + Level 4.5 Hexes


You had 5 spell levels left.
You didn't know any spells.
Your spell library contained the following spells:

 Spells                   Type           Power      Damage    Failure   Level
 Confusing Touch          Hex            17%        N/A       9%          3
 Tukima's Dance           Hex            17%        N/A       9%          3
 Ensorcelled Hibernation  Hex/Ice        18%        N/A       12%         2
 Dazzling Flash           Conj/Hex       18%        N/A       22%         3


Dungeon Overview and Level Annotations

Branches:
Dungeon (1/15)

Altars:
Xom


Innate Abilities, Weirdness & Mutations

Your natural rate of healing is accelerated.
You have razor-sharp teeth.
You have supernaturally acute eyesight. (SInv)
You are afflicted with vampirism.


Message History

Done exploring.
Done exploring.
Done exploring.
Done exploring.
There is a shaft here.
You fall into a shaft and drop 1 floor!
The shaft crumbles and collapses.
Found a scroll labelled RUIGGE VIALANO.
j - a scroll labelled RUIGGE VIALANO
Found a stone staircase leading down.
There is a stone staircase leading down here.
k - an amethyst potion A scorpion comes into view.
Found 11 gold pieces.
The scorpion barely misses you. The scorpion stings you!
You are poisoned.
The scorpion poisons you!
You see here 11 gold pieces.
You hit the scorpion.
The scorpion is lightly wounded.
You feel very sick. The scorpion misses you.
You are too injured to fight recklessly!
You are too injured to fight recklessly!
You are too injured to fight recklessly!
You are too injured to fight recklessly!
You are too injured to fight recklessly!
You are too injured to fight recklessly!
You are too injured to fight recklessly!
You are too injured to fight recklessly!
You are too injured to fight recklessly!
You are too injured to fight recklessly!
You barely miss the scorpion.
The scorpion is lightly wounded.
You feel sick. The scorpion barely misses you.
You barely miss the scorpion.
The scorpion is lightly wounded.
You feel sick. The scorpion stings you!
You die...
Xom guffaws!

#... .... #.## ...
#. # ... .# #. # #
#.. .# # #.##
#...###.# .. #...
#.#....# ... ####
...##..s...##.....
.......@#........
...##............
#..##.##....
#.....##.. .
##.##.##.######
#.##.##......#
#....>..# #.######
####.##.####.##....
#.......#.##.###


You could see a scorpion.

Vanquished Creatures
  A dart slug (D:1)
  A ball python (D:1)
  2 endoplasms (D:1)
  A giant cockroach (D:1)
  2 goblins (D:1)
  2 hobgoblins (D:1)
  A quokka (D:1)
  A bat (D:1)
  A kobold (D:1)
12 creatures vanquished.

Vanquished Creatures (others)
  A plant (D:1)
1 creature vanquished.

Grand Total: 13 creatures vanquished

Notes
Turn   | Place    | Note
-------+----------+-------------------------------------------
     0 | D:1      | Hubjo the Vampire Enchanter began the quest for the Orb.
     0 | D:1      | Reached XP level 1. HP: 13/13 MP: 3/3
   252 | D:1      | Reached XP level 2. HP: 17/20 MP: 5/5
   278 | D:1      | Found a faded altar of an unknown god.
   323 | D:1      | Prayed at the altar of an unknown god.
   323 | D:1      | Became a worshipper of Xom of Bone-Dry Humour
   781 | D:1      | XOM: cloud trail
   881 | D:1      | You fall into a shaft and drop 1 floor!
   928 | D:2      | Noticed a scorpion
   934 | D:2      | Slain by a scorpion

Illustrated notes

Levels and vault maps discovered:
D:1:      dpeg_arrival_connections, layout_loops_ring, serial_forest,
          infiniplex_forest_clump_curved, infiniplex_forest_clump_diagonal,
          infiniplex_forest_lined_3, infiniplex_forest_clump_large,
          infiniplex_forest_straight_4, infiniplex_forest_straight_5,
          ebering_ecumenical_altar_abandoned
D:2:      layout_loops_cross, due_unseen_surprise, uniq_sigmund, uniq_natasha

Action                   || total
-------------------------++-------
Melee: Dagger            ||    46
       Bite              ||     3
 Stab: Sleeping          ||     5
Armor: Robe              ||     3
Dodge: Dodged            ||    22

Table legend: (Time is in decaauts)
 A = Elapsed time spent in this place.
 B = Non-inter-level travel time spent in this place.
 C = Inter-level travel time spent in this place.
 D = Time resting spent in this place.
 E = Time spent auto-exploring this place.
 F = Levels seen in this place.
 G = Mean time per level.
                   A        B        C        D        E       F      G
               +--------+--------+--------+--------+--------+-----+--------+
         Total |    932 |    892 |     40 |      0 |    730 |   2 |  466.0 |
       Dungeon |    932 |    892 |     40 |      0 |    730 |   2 |  466.0 |
               +--------+--------+--------+--------+--------+-----+--------+

Top non-repeatable levels by time:
     D:1: 880 daAuts
     D:2: 52 daAuts
